[Event "Titled Tuesday Blitz April 12 Late 2022"]
[White "Khabinets, Ivan"]
[Black "Esipenko, Andrey"]
[WhiteFideId "14115980"]
[BlackFideId "24175439"]
[WhiteElo "2114"]
[BlackElo "2617"]
[Result "1/2-1/2"]
[Round "01"]
[TimeControl "180+1"]
[Date "2022.04.12"]
[WhiteClock "0:01:54"]
[BlackClock "0:00:38"]

1. e4 e5 2. Nf3 Nc6 3. Bb5 a6 4. Ba4 Nf6 5. Nc3 Bc5 6. O-O d6 7. Bxc6+ bxc6 8. d3 h6 9. Qe2 O-O 10. Be3 Bxe3 11. Qxe3 c5 12. b3 Be6 13. Nh4 Nd7 14. Qg3 Qg5 15. Nf3 Qxg3 16. hxg3 Nb8 17. Nd2 Nc6 18. f4 f6 19. f5 Bf7 20. Rf2 Rfb8 21. Nc4 Nd4 22. Ne3 Kf8 23. g4 Ke8 24. Rc1 Kd7 25. Ncd5 c6 26. Nc3 h5 27. gxh5 Bxh5 28. g4 Bf7 29. Kg2 Rh8 30. Rh1 Kc7 31. Rff1 Nb5 32. Na4 Rab8 33. Rxh8 Rxh8 34. Rh1 Rxh1 35. Kxh1 Kb7 36. Kg2 Nc7 37. Kg3 a5 38. g5 fxg5 39. Kg4 Na6 40. Kxg5 Kc7 41. f6 gxf6+ 42. Kxf6 Bh5 43. a3 1/2-1/2


[Site "https://www.chess.com"]

[Event "Titled Tuesday Blitz April 12 Late 2022"]
[White "Kobalia, Mikhail"]
[Black "Koutlas, Nikolaos"]
[WhiteFideId "4119150"]
[BlackFideId "25827138"]
[WhiteElo "2820"]
[BlackElo "2461"]
[Result "1-0"]
[Round "01"]
[TimeControl "180+1"]
[Date "2022.04.13"]
[WhiteClock "0:01:38"]
[BlackClock "0:00:29"]

1. e4 c5 2. Nf3 Nc6 3. Bb5 g6 4. Bxc6 dxc6 5. d3 Bg7 6. a4 e5 7. Nbd2 Qe7 8. Nc4 f6 9. a5 Be6 10. b3 Nh6 11. Qe2 Nf7 12. Ba3 Rb8 13. Qe3 b6 14. axb6 axb6 15. Nxb6 Rxb6 16. Bxc5 Bh6 17. Ra8+ Bc8 18. Rxc8+ Kd7 19. Bxe7 Bxe3 20. Rxh8 1-0


[Site "https://www.chess.com"]

[Event "Titled Tuesday Blitz April 12 Late 2022"]
[White "Korchmar, Vasiliy"]
[Black "Estrada Nieto, Julian"]
[WhiteFideId "24131750"]
[BlackFideId "5101018"]
[WhiteElo "2812"]
[BlackElo "2450"]
[Result "1-0"]
[Round "01"]
[TimeControl "180+1"]
[Date "2022.04.13"]
[WhiteClock "0:00:22"]
[BlackClock "0:00:41"]

1. d4 d5 2. Bf4 Nf6 3. e3 c5 4. Nf3 Nc6 5. Nbd2 e6 6. c3 h6 7. Bd3 Bd6 8. Bg3 Bxg3 9. hxg3 Qd6 10. Bb5 O-O 11. Qe2 Bd7 12. Rd1 c4 13. Bxc6 Bxc6 14. Ne5 Nd7 15. Ndf3 f6 16. Ng6 Rfe8 17. Nfh4 Nf8 18. Qg4 Bd7 19. Nxf8 Kxf8 20. Ng6+ Kg8 21. Qf3 e5 22. dxe5 fxe5 23. Qxd5+ Qxd5 24. Rxd5 Bc6 25. Rxe5 Bxg2 26. Rh4 Kh7 27. Rxe8 Rxe8 28. Nf4 Bf3 29. Ne2 b5 30. Rf4 Bh5 31. Rf5 Bxe2 32. Kxe2 a6 33. Rd5 Re6 34. f4 Kg6 35. f5+ 1-0


[Site "https://www.chess.com"]

[Event "Titled Tuesday Blitz April 12 Late 2022"]
[White "Kovanova, Baira"]
[Black "Vasquez Schroeder, Rodrigo"]
[WhiteFideId "4164083"]
[BlackFideId "3400042"]
[WhiteElo "2190"]
[BlackElo "2561"]
[Result "0-1"]
[Round "01"]
[TimeControl "180+1"]
[Date "2022.04.12"]
[WhiteClock "0:00:11"]
[BlackClock "0:01:24"]

1. e4 c5 2. Nf3 d6 3. d4 cxd4 4. Nxd4 Nf6 5. Nc3 a6 6. Be3 e5 7. Nf3 Qc7 8. a4 Be7 9. Be2 Nbd7 10. O-O b6 11. Nh4 g6 12. Nf3 Bb7 13. Nd5 Nxd5 14. exd5 O-O 15. c4 a5 16. Nd2 Nc5 17. f4 f5 18. Kh1 Rad8 19. Qc2 Bf6 20. Rae1 Bc8 21. b3 Rde8 22. Nb1 Qg7 23. Na3 Bd7 24. fxe5 Bxe5 25. Bf3 f4 26. Bg1 g5 27. Nb5 Bf5 28. Qd1 g4 29. Be2 Ne4 0-1


[Site "https://www.chess.com"]

[Event "Titled Tuesday Blitz April 12 Late 2022"]
[White "Krishnan, Varun"]
[Black "Sarana, Alexey"]
[WhiteFideId "5054508"]
[BlackFideId "24133795"]
[WhiteElo "2545"]
[BlackElo "2666"]
[Result "0-1"]
[Round "01"]
[TimeControl "180+1"]
[Date "2022.04.12"]
[WhiteClock "0:00:02"]
[BlackClock "0:00:59"]

1. e4 c5 2. Nf3 d6 3. d4 cxd4 4. Nxd4 Nf6 5. Nc3 a6 6. a4 e5 7. Nf3 Qc7 8. Bg5 Nbd7 9. Nd2 h6 10. Bh4 g5 11. Bg3 Nc5 12. Bc4 Be6 13. Qe2 Be7 14. h4 g4 15. h5 Rc8 16. Bh4 Ncd7 17. Bxe6 fxe6 18. f3 gxf3 19. Qxf3 Rf8 20. Qg3 Rg8 21. Qh3 Ng4 22. Bxe7 Kxe7 23. O-O-O b5 24. Qh4+ Ndf6 25. Rh3 b4 26. Nb3 bxc3 27. Rxc3 Qb6 28. Rcd3 Qf2 29. Qxf2 Nxf2 30. Rxd6 Nxd1 31. Rxd1 Rxg2 32. c3 Nxe4 33. Rd3 Rf8 34. Re3 Rf1+ 35. Re1 Rxe1# 0-1


[Site "https://www.chess.com"]

[Event "Titled Tuesday Blitz April 12 Late 2022"]
[White "Le Goff, Ronan"]
[Black "Demchenko, Anton"]
[WhiteFideId "612073"]
[BlackFideId "4160258"]
[WhiteElo "2276"]
[BlackElo "2539"]
[Result "1/2-1/2"]
[Round "01"]
[TimeControl "180+1"]
[Date "2022.04.12"]
[WhiteClock "0:00:08"]
[BlackClock "0:00:07"]

1. d4 Nf6 2. Nf3 g6 3. Bg5 Bg7 4. Nbd2 d6 5. e4 O-O 6. h3 Qe8 7. Bc4 e5 8. dxe5 dxe5 9. O-O Nbd7 10. a4 a5 11. Qe2 Nb6 12. Bb3 Bd7 13. Nc4 Nxc4 14. Qxc4 Bc6 15. Rfe1 Kh8 16. Bh4 Nh5 17. Ng5 Kg8 18. Rad1 h6 19. Nf3 Kh7 20. Kh2 g5 21. Bg3 Nf4 22. Bxf4 exf4 23. Nd4 Be5 24. f3 Ra6 25. c3 Rb6 26. Rd2 h5 27. Bd1 Qe7 28. Nf5 Qf6 29. Qc5 Rg8 30. Qxa5 g4 31. fxg4 hxg4 32. Bxg4 Ra6 33. Qc5 Rxa4 34. Qe7 Rxe4 35. Rxe4 Bxe4 36. Re2 Bxf5 37. Qxe5 Qxe5 38. Rxe5 Bxg4 39. hxg4 Rxg4 40. Re7 Kg6 41. Rxc7 b5 42. Rb7 Rh4+ 43. Kg1 Rh5 44. Kf2 Rd5 45. Kf3 Kg5 46. Rxf7 Rd3+ 47. Ke4 Rd2 48. Rxf4 Rxb2 49. Rf5+ Kg4 50. Rc5 Rb3 51. Kd3 Rb2 52. Rc8 Kf4 53. Rf8+ Ke5 54. g4 Rg2 55. Rf5+ Kd6 56. g5 Rg3+ 57. Kd4 Rg4+ 58. Kd3 Kc6 59. Rf6+ Kd5 60. g6 Rg3+ 61. Kc2 Kc4 62. Rf4+ Kd5 63. Rf5+ Kc4 64. Rf4+ Kd5 65. Rf6 Kc4 66. Rc6+ Kd5 67. Rb6 Kc4 68. Kd2 Rg2+ 69. Ke3 Kxc3 70. Kf3 Rg1 71. Kf4 b4 72. Kf5 b3 73. Kf6 Rf1+ 74. Kg7 b2 75. Rxb2 Kxb2 76. Kh7 Rh1+ 77. Kg8 Kc3 78. g7 Kd4 79. Kf7 Rf1+ 80. Ke7 Rg1 81. Kf7 Rf1+ 82. Ke7 Rg1 83. Kf7 Ke5 84. g8=Q Rxg8 85. Kxg8 1/2-1/2


[Site "https://www.chess.com"]

[Event "Titled Tuesday Blitz April 12 Late 2022"]
[White "Leitao, Rafael"]
[Black "Rego, Vinicius V. de Almeida"]
[WhiteFideId "2101246"]
[BlackFideId "2106485"]
[WhiteElo "2609"]
[BlackElo "2345"]
[Result "1-0"]
[Round "01"]
[TimeControl "180+1"]
[Date "2022.04.13"]
[WhiteClock "0:00:17"]
[BlackClock "0:00:01"]

1. c4 e6 2. g3 Nf6 3. Bg2 d5 4. Nf3 Be7 5. O-O O-O 6. b3 c5 7. cxd5 exd5 8. d4 Nc6 9. Bb2 Re8 10. Nc3 a6 11. Rc1 cxd4 12. Nxd4 Bf8 13. h3 Be6 14. Nxc6 bxc6 15. Na4 Rc8 16. Kh2 Ne4 17. Qd3 a5 18. Rcd1 Bf5 19. Qd4 Nf6 20. Nc3 Qc7 21. e3 Rcd8 22. Rc1 Qb7 23. Na4 Be4 24. Qb6 Qxb6 25. Nxb6 Bxg2 26. Kxg2 Ne4 27. Rxc6 Re6 28. Rxe6 fxe6 29. Rc1 Bc5 30. Na4 Bb4 31. Rc7 Nf6 32. Nc5 Re8 33. Nd7 Nxd7 34. Rxd7 Bf8 35. Rc7 Rb8 36. Bc3 a4 37. b4 Ra8 38. Rb7 a3 39. b5 Rc8 40. Be5 Rc2 41. b6 Rxa2 42. Ra7 Rc2 43. b7 a2 44. b8=Q 1-0


[Site "https://www.chess.com"]

[Event "Titled Tuesday Blitz April 12 Late 2022"]
[White "Lewicki, Miroslaw"]
[Black "Van Foreest, Jorden"]
[WhiteFideId "1113380"]
[BlackFideId "1039784"]
[WhiteElo "2283"]
[BlackElo "2609"]
[Result "0-1"]
[Round "01"]
[TimeControl "180+1"]
[Date "2022.04.12"]
[WhiteClock "0:01:57"]
[BlackClock "0:02:32"]

1. g3 c5 2. Bg2 Nc6 3. Nf3 d5 4. O-O Nf6 5. c3 e5 6. d4 e4 7. Ne5 Bd6 8. Nxc6 bxc6 9. b3 Bf5 10. Ba3 cxd4 11. Bxd6 Qxd6 12. cxd4 h5 13. Qc1 h4 14. Qg5 Qe6 15. Nc3 Rh5 16. Qxg7 Ke7 17. Bf3 exf3 18. exf3 Rg8 19. Qxg8 Nxg8 20. Rae1 Be4 21. fxe4 Qh3 22. exd5+ Kf8 23. Re2 cxd5 24. Rfe1 Nf6 25. Nb5 Ne4 0-1


[Site "https://www.chess.com"]

[Event "Titled Tuesday Blitz April 12 Late 2022"]
[White "Lewtak, Damian"]
[Black "Petrova, Irina"]
[WhiteFideId "1141724"]
[BlackFideId "14124122"]
[WhiteElo "2362"]
[BlackElo "1993"]
[Result "1-0"]
[Round "01"]
[TimeControl "180+1"]
[Date "2022.04.13"]
[WhiteClock "0:00:38"]
[BlackClock "0:00:13"]

1. c4 e5 2. Nc3 Nf6 3. g3 Bb4 4. Bg2 Bxc3 5. bxc3 O-O 6. e4 Nc6 7. Ne2 d6 8. O-O Be6 9. d3 h6 10. f4 b6 11. f5 Bd7 12. h3 Nh7 13. g4 Ne7 14. Be3 Bc6 15. Qd2 f6 16. h4 Bb7 17. Ng3 c6 18. g5 hxg5 19. hxg5 fxg5 20. Bxg5 Nxg5 21. Qxg5 Nc8 22. Qg4 Qf6 23. Nh5 Qh6 24. Rf3 Rf7 25. Raf1 Ne7 26. f6 Ng6 27. fxg7 Nf4 28. Nxf4 exf4 29. Rxf4 Rxg7 30. Qf3 Qg6 31. Rf2 Re8 32. Rf6 Qg5 33. Rxd6 Bc8 34. Rf6 Bg4 35. Rf8+ Rxf8 36. Qxf8+ Kh7 37. Qf4 Qg6 38. Kf1 Bh5 39. Ke1 Kg8 40. Qf8+ Kh7 41. Qf5 Bg4 42. Qxg6+ Kxg6 43. Kd2 Rh7 44. e5 Rh2 45. Be4+ 1-0


[Site "https://www.chess.com"]

[Event "Titled Tuesday Blitz April 12 Late 2022"]
[White "Makarian, Rudik"]
[Black "Silvestre, Christian"]
[WhiteFideId "44105681"]
[BlackFideId "30956269"]
[WhiteElo "2388"]
[BlackElo "2431"]
[Result "1-0"]
[Round "01"]
[TimeControl "180+1"]
[Date "2022.04.13"]
[WhiteClock "0:01:07"]
[BlackClock "0:00:08"]

1. b3 Nf6 2. Bb2 e6 3. e3 c5 4. c4 d5 5. Nf3 Nc6 6. cxd5 exd5 7. Bb5 Qb6 8. Nc3 a6 9. Bxc6+ Qxc6 10. O-O Bg4 11. h3 Bh5 12. Ne2 Bxf3 13. gxf3 d4 14. Kg2 d3 15. Ng3 Be7 16. Rc1 O-O 17. Kh2 Rfd8 18. Rg1 Bf8 19. f4 Ne4 20. Nxe4 Qxe4 21. Qh5 g6 22. Qh4 Be7 23. Qh6 Bf8 24. Qh4 Be7 25. Bf6 Bxf6 26. Qxf6 Rd5 27. Rg5 Qf3 28. Rcg1 Rxg5 29. fxg5 Qxf6 30. gxf6 Rc8 31. Rc1 Rc6 32. f4 b6 33. Rc3 Rd6 34. Kg3 h6 35. h4 Kh7 36. Kf3 g5 37. hxg5 hxg5 38. fxg5 Kg6 39. Kf4 Rd5 40. e4 Rxg5 41. Rxd3 Rg2 42. e5 Rf2+ 43. Ke4 Re2+ 44. Kd5 Re1 45. Kd6 Kf5 46. Rf3+ Ke4 47. Re3+ Rxe3 48. dxe3 Kxe3 49. e6 fxe6 50. f7 c4 51. f8=Q c3 52. Qf6 c2 53. Qc3+ 1-0


[Site "https://www.chess.com"]

[Event "Titled Tuesday Blitz April 12 Late 2022"]
[White "Maranhao,Jose Renato Ruiz"]
[Black "Khater, Sherif"]
[WhiteFideId "2135175"]
[BlackFideId "2034280"]
[WhiteElo "1970"]
[BlackElo "2563"]
[Result "0-1"]
[Round "01"]
[TimeControl "180+1"]
[Date "2022.04.13"]
[WhiteClock "0:00:02"]
[BlackClock "0:01:59"]

1. e4 g6 2. d4 Bg7 3. Nc3 d6 4. f4 a6 5. a4 Nf6 6. Nf3 O-O 7. Be2 Nbd7 8. O-O c5 9. e5 Ng4 10. h3 cxd4 11. hxg4 dxc3 12. Rb1 dxe5 13. Qe1 exf4 14. Bxf4 cxb2 15. c3 Nc5 16. Ne5 Nxa4 17. Rf3 Qd5 18. Rh3 Bxe5 19. Bf3 Qc5+ 20. Be3 Qxc3 21. Qf2 Bg7 0-1


[Site "https://www.chess.com"]

[Event "Titled Tuesday Blitz April 12 Late 2022"]
[White "Martic, Ivan"]
[Black "Melkumyan, Hrant"]
[WhiteFideId "929301"]
[BlackFideId "13302485"]
[WhiteElo "2317"]
[BlackElo "2604"]
[Result "0-1"]
[Round "01"]
[TimeControl "180+1"]
[Date "2022.04.12"]
[WhiteClock "0:00:17"]
[BlackClock "0:00:12"]

1. e4 c6 2. d4 d5 3. Nd2 g6 4. Ngf3 Bg7 5. h3 Na6 6. c3 Nc7 7. Bd3 Nh6 8. O-O dxe4 9. Nxe4 Nf5 10. Re1 O-O 11. Bg5 h6 12. Bf4 Nd5 13. Bh2 b6 14. Ne5 Bb7 15. Qe2 e6 16. Nc4 Ba6 17. a4 Bxc4 18. Bxc4 Nf6 19. Bb3 Nxe4 20. Qxe4 Qd7 21. Rad1 Rfe8 22. Be5 Rad8 23. Bxg7 Kxg7 24. Qe5+ Kg8 25. Qf4 Qd6 26. Qf3 Kg7 27. g3 Re7 28. Bc2 Qd5 29. Qf4 Nd6 30. Re5 Qa2 31. Qc1 Nc4 32. Re2 Qxb2 33. Qf4 Qxc3 34. Rd3 Qa1+ 35. Kg2 Red7 36. Rf3 Qxd4 37. Re4 Qd6 38. Qf6+ Kg8 39. Rxc4 Qe7 40. Qxe7 Rxe7 41. Rxc6 Rd4 42. Rfc3 Rb4 43. Rc8+ Kg7 44. R8c7 Rxc7 45. Rxc7 a5 46. Rb7 Kf6 47. h4 g5 48. h5 g4 49. Rc7 b5 50. axb5 Rxb5 51. Rc4 Kg5 52. Ba4 Rb4 53. Rc5+ f5 54. Rxa5 Kxh5 55. Bd7 Rb6 56. Re5 Kg5 57. Rxe6 Rb7 58. Bc6 Rc7 59. Ba8 h5 60. Re5 Rf7 61. Bb7 Rxb7 62. Ra5 Rf7 63. Rb5 h4 64. gxh4+ Kxh4 65. Rb8 Kg5 66. Rg8+ Kf4 67. Ra8 Re7 68. Ra4+ Re4 69. Ra3 Rd4 70. Rb3 Kg5 71. Rb5 Rd2 72. Ra5 Rb2 73. Rc5 Ra2 74. Rb5 Ra3 75. Rc5 Rf3 76. Rb5 Kh4 77. Rb4 Kh5 78. Rb8 Ra3 79. Rh8+ Kg6 80. Rb8 Kf6 81. Rb6+ Kg5 82. Rb5 Ra6 83. Rc5 Rd6 84. Rb5 Kf6 85. Ra5 f4 86. Rb5 Re6 87. Ra5 Re5 88. Ra6+ Kf5 89. Ra8 Re6 90. Rf8+ Rf6 91. Re8 Rh6 92. Ra8 f3+ 93. Kg1 Re6 94. Ra5+ Re5 95. Ra1 Kg5 96. Ra4 Kh4 97. Ra8 Re1+ 98. Kh2 Rf1 99. Rh8+ Kg5 100. Rg8+ Kf5 101. Rf8+ Ke4 102. Re8+ Kd3 103. Kg3 Rg1+ 104. Kf4 Rg2 105. Ra8 Ke2 106. Ra2+ Kf1 107. Ke3 Rg1 108. Ra1+ Kg2 109. Ra4 g3 110. Rg4 Kh3 111. Rg8 gxf2 112. Rh8+ Kg2 113. Rg8+ Kf1 114. Ra8 Rg7 115. Kxf3 Rf7+ 116. Kg3 Kg1 117. Ra1+ f1=Q 118. Rxf1+ Rxf1 119. Kh3 Rf2 120. Kg4 Kf1 121. Kg5 Ke2 122. Kg6 Ke3 123. Kg7 Rf5 124. Kg6 Kf4 125. Kh6 Rg5 126. Kh7 Kf5 127. Kh6 Kf6 128. Kh7 Kf7 129. Kh8 Rh5# 0-1


[Site "https://www.chess.com"]

[Event "Titled Tuesday Blitz April 12 Late 2022"]
[White "Martinez Alcantara, Jose Eduardo"]
[Black "Adewumi, Tanitoluwa"]
[WhiteFideId "3805662"]
[BlackFideId "30966396"]
[WhiteElo "2690"]
[BlackElo "2533"]
[Result "1-0"]
[Round "01"]
[TimeControl "180+1"]
[Date "2022.04.12"]
[WhiteClock "0:00:20"]
[BlackClock "0:00:23"]

1. e4 c5 2. Nf3 Nc6 3. Nc3 Nf6 4. Bb5 d6 5. O-O Bd7 6. Re1 e5 7. d3 Be7 8. Bc4 O-O 9. Nd5 Na5 10. Nxf6+ Bxf6 11. Bd5 Be6 12. Bxe6 fxe6 13. c3 b5 14. Be3 Rc8 15. Rb1 Nc6 16. Qb3 Qe8 17. Qxb5 Nd4 18. Qxe8 Nxf3+ 19. gxf3 Rfxe8 20. Kf1 d5 21. Ke2 a5 22. Rec1 c4 23. dxc4 Rxc4 24. b3 Rc6 25. c4 d4 26. Bd2 Ra8 27. f4 exf4 28. Bxf4 e5 29. Bg3 h5 30. h3 Kf7 31. f4 exf4 32. Bxf4 g5 33. Bg3 Ke6 34. Kd3 g4 35. hxg4 Rg8 36. Rf1 Rxg4 37. Rf3 h4 38. Bf4 Rc8 39. Rbf1 Rcg8 40. c5 Rc8 41. Bd6 Be5 42. Bxe5 Kxe5 43. Rf5+ Ke6 44. Kxd4 Rd8+ 45. Ke3 Rg3+ 46. R1f3 Rxf3+ 47. Rxf3 Rg8 48. a3 Ke5 49. Rf5+ Ke6 50. Rh5 Rg3+ 51. Kd4 Rxb3 52. Rh6+ Ke7 53. Rxh4 Rxa3 54. Rh7+ Ke6 55. Rh6+ Ke7 56. c6 Ra1 57. Kc5 Rb1 58. Rh8 Rc1+ 59. Kb6 a4 60. c7 a3 61. c8=Q 1-0


[Site "https://www.chess.com"]

[Event "Titled Tuesday Blitz April 12 Late 2022"]
[White "Matlakov, Maxim"]
[Black "Isajevsky, Anton"]
[WhiteFideId "4168003"]
[BlackFideId "4142500"]
[WhiteElo "2669"]
[BlackElo "2510"]
[Result "1-0"]
[Round "01"]
[TimeControl "180+1"]
[Date "2022.04.12"]
[WhiteClock "0:00:09"]
[BlackClock "0:00:02"]

1. d4 d5 2. Nf3 Nf6 3. Bf4 c5 4. e3 cxd4 5. exd4 Nc6 6. c3 Bf5 7. Nbd2 e6 8. Nh4 Bg4 9. Qb3 Qd7 10. h3 Bh5 11. g4 Bg6 12. Nxg6 hxg6 13. Bg2 Bd6 14. Be3 b5 15. Qxb5 Rb8 16. Qd3 Rxb2 17. Nb3 e5 18. g5 e4 19. Qb5 Nh5 20. Qxd5 Ng3 21. Rg1 Nb4 22. Qa8+ Ke7 23. Qxh8 Nc2+ 24. Kd1 Nxa1 25. Qxg7 Rxa2 26. Qf6+ Ke8 27. Qh8+ Bf8 28. Qe5+ Be7 29. fxg3 Nxb3 30. Bxe4 Qa4 31. Qb8+ Bd8 32. Qe5+ Be7 33. Bc2 Rxc2 34. Kxc2 Nxd4+ 35. Kd3 Nf3 36. Qb8+ Bd8 37. Rb1 1-0


[Site "https://www.chess.com"]

[Event "Titled Tuesday Blitz April 12 Late 2022"]
[White "Mickiewicz, Piotr"]
[Black "Ibarra Jerez, Jose Carlos"]
[WhiteFideId "1114891"]
[BlackFideId "2226332"]
[WhiteElo "2458"]
[BlackElo "2816"]
[Result "0-1"]
[Round "01"]
[TimeControl "180+1"]
[Date "2022.04.13"]
[WhiteClock "0:00:26"]
[BlackClock "0:00:55"]

1. e4 c5 2. Nf3 e6 3. d4 cxd4 4. Nxd4 Bc5 5. Nb3 Bb6 6. c4 Ne7 7. Nc3 O-O 8. Bd3 f5 9. O-O f4 10. c5 Bc7 11. Nb5 Be5 12. Bd2 Nbc6 13. Bc3 Ng6 14. Rc1 f3 15. g3 Qg5 16. Re1 b6 17. Bf1 bxc5 18. Nxc5 Bf4 19. Nd6 Bxc1 20. Qxc1 Qxc5 21. e5 Ncxe5 22. Ne4 Qd5 23. Bb4 Rf5 24. Nd6 Nd3 25. Bxd3 Qxd3 26. Nxc8 Rd5 27. Qc7 h6 28. Qb7 Rxc8 29. Qxc8+ Kh7 30. Qb7 Rb5 31. Qa6 Qf5 32. Bc3 Qh3 0-1


[Site "https://www.chess.com"]

[Event "Titled Tuesday Blitz April 12 Late 2022"]
[White "Miszler, Levente"]
[Black "Shuvalova, Polina"]
[WhiteFideId "763276"]
[BlackFideId "24171760"]
[WhiteElo "1966"]
[BlackElo "2355"]
[Result "1-0"]
[Round "01"]
[TimeControl "180+1"]
[Date "2022.04.13"]
[WhiteClock "0:00:06"]
[BlackClock "0:00:03"]

1. Nf3 Nf6 2. c4 e6 3. g3 d5 4. Bg2 Be7 5. O-O O-O 6. d4 c6 7. b3 Nbd7 8. Bb2 b6 9. Nbd2 Bb7 10. Rc1 Rc8 11. Qc2 a5 12. e4 c5 13. exd5 exd5 14. dxc5 Nxc5 15. cxd5 Qxd5 16. Nc4 Qh5 17. Nfe5 Bxg2 18. Kxg2 b5 19. Nxa5 h6 20. Nac6 Bd6 21. Rfd1 Bxe5 22. Nxe5 Ne6 23. Qxc8 Rxc8 24. Rxc8+ Kh7 25. Rd2 Ne4 26. Rdc2 Qf5 27. a4 bxa4 28. bxa4 N4g5 29. h4 Qe4+ 30. Kg1 Nh3+ 31. Kh2 Nhf4 32. gxf4 Qxf4+ 33. Kg2 Qxh4 34. R2c4 Nf4+ 35. Kf3 g5 36. R4c7 Qh1+ 37. Ke3 Qe1+ 38. Kd4 Qd2+ 39. Ke4 Qe2+ 40. Kf5 h5 41. Rxf7+ Kh6 42. Rh8# 1-0


[Site "https://www.chess.com"]

[Event "Titled Tuesday Blitz April 12 Late 2022"]
[White "Molenda, Marcin"]
[Black "Svane, Frederik"]
[WhiteFideId "1173065"]
[BlackFideId "12923044"]
[WhiteElo "2067"]
[BlackElo "2459"]
[Result "1-0"]
[Round "01"]
[TimeControl "180+1"]
[Date "2022.04.12"]
[WhiteClock "0:01:15"]
[BlackClock "0:00:24"]

1. d4 Nf6 2. c4 e6 3. g3 d5 4. Nf3 Bb4+ 5. Bd2 Be7 6. Bg2 O-O 7. O-O c6 8. Bf4 dxc4 9. Ne5 Nd5 10. Nxc4 Nxf4 11. gxf4 Nd7 12. Nc3 Nb6 13. Ne5 Nd5 14. e3 f6 15. Nd3 Bd7 16. Ne4 b6 17. Rc1 Rc8 18. a3 a5 19. Kh1 Be8 20. Rg1 Qd7 21. Qf3 Bg6 22. Bh3 c5 23. dxc5 Bxe4 24. Qxe4 f5 25. Qd4 Bf6 26. Ne5 Bxe5 27. Qxe5 bxc5 28. Rxg7+ Qxg7 29. Rg1 Qxg1+ 30. Kxg1 Rc6 31. Bf1 c4 32. Bxc4 Rd8 33. b3 Kf7 34. a4 Nf6 35. Qxa5 Rd1+ 36. Kg2 Rcd6 37. Qxf5 Ke7 38. Qg5 Kf7 39. f5 Ne4 40. fxe6+ Kf8 41. Qf5+ Kg7 42. Qxe4 Rd8 43. Qe5+ Kg6 44. e7 Re8 45. Qe6+ Kg5 46. f4+ Kh5 47. Be2+ Kh4 48. Qg4# 1-0


[Site "https://www.chess.com"]

[Event "Titled Tuesday Blitz April 12 Late 2022"]
[White "Moradiabadi, Elshan"]
[Black "O`Gorman, Tom"]
[WhiteFideId "12501255"]
[BlackFideId "2508249"]
[WhiteElo "2550"]
[BlackElo "2247"]
[Result "0-1"]
[Round "01"]
[TimeControl "180+1"]
[Date "2022.04.12"]
[WhiteClock "0:00:51"]
[BlackClock "0:00:57"]

1. d4 Nf6 2. Nf3 g6 3. Bg5 Bg7 4. Nbd2 O-O 5. c3 d6 6. e4 Nc6 7. Be2 e5 8. dxe5 dxe5 9. O-O h6 10. Bh4 Qe8 11. Qc2 Nh5 12. Rfe1 Nf4 13. Bf1 Be6 14. b4 g5 15. Bg3 Rd8 16. Nc4 f6 17. Ne3 Rf7 18. Bc4 Bxc4 19. Nxc4 Bf8 20. Ne3 Kh7 21. Bxf4 exf4 22. Nf5 Ne5 23. Nxe5 Qxe5 24. Rad1 Rfd7 25. Rd4 c5 26. Rxd7+ Rxd7 27. a3 cxb4 28. cxb4 a5 29. g3 axb4 30. axb4 Bxb4 31. Rb1 Bc5 32. Qe2 b6 33. Qh5 Bf8 34. Qf3 Bc5 35. Kg2 Kg6 36. h4 Rd2 37. Rf1 h5 38. gxf4 Qxf4 39. Qxf4 gxf4 40. Kf3 b5 41. Rg1+ Kf7 42. Rg7+ Ke6 43. Kxf4 Rxf2+ 44. Kg3 Re2 45. Kf3 Rf2+ 46. Kg3 Ra2 47. Rb7 b4 48. Rb5 Rc2 49. Kf4 Rc3 50. Ng7+ Kd7 51. Nxh5 Kc6 52. Ra5 b3 53. Ra1 b2 54. Rb1 Ba3 55. Nxf6 Rc1 56. Rxb2 Bxb2 57. Ng4 Kd6 58. Kf5 Rf1+ 59. Kg6 Ke6 60. h5 Rg1 61. Kg5 Bc1+ 62. Kh4 Rh1+ 0-1


[Site "https://www.chess.com"]

[Event "Titled Tuesday Blitz April 12 Late 2022"]
[White "Moroni, Luca Jr"]
[Black "Suarez Uriel, Adrian"]
[WhiteFideId "865834"]
[BlackFideId "22230874"]
[WhiteElo "2573"]
[BlackElo "2316"]
[Result "1-0"]
[Round "01"]
[TimeControl "180+1"]
[Date "2022.04.13"]
[WhiteClock "0:00:27"]
[BlackClock "0:01:07"]

1. d4 Nf6 2. Bf4 d6 3. Nc3 Nbd7 4. Nf3 c5 5. d5 g6 6. Qd2 Bg7 7. e4 a6 8. a4 Qa5 9. Bd3 b5 10. O-O c4 11. axb5 Qb4 12. Ra4 Qc5 13. Rxc4 Qa7 14. Ra1 O-O 15. h3 Nc5 16. b4 Nxd3 17. cxd3 Qb6 18. Be3 Qb8 19. bxa6 Bxa6 20. b5 Bb7 21. Rxa8 Qxa8 22. Qa2 Qxa2 23. Nxa2 Ra8 24. Nc3 Rc8 25. Rxc8+ Bxc8 26. Bd4 Nd7 27. Bxg7 Kxg7 28. Kf1 Nb6 29. Ke2 Bd7 30. Kd2 e5 31. Kc2 Kf8 32. Kb3 Ke7 33. Kb4 Kd8 34. Ka5 Kc7 35. Ng5 f5 36. Nxh7 f4 37. h4 Kb7 38. g3 fxg3 39. fxg3 Nc8 40. Nf8 Be8 41. Ne6 Ne7 42. Nd8+ Kc8 43. Nc6 Ng8 44. b6 Kb7 45. Nb5 Bxc6 46. dxc6+ Kxc6 47. Ka6 Nf6 48. Na7+ Kc5 49. b7 Nd7 50. Nc8 Kd4 51. g4 Kxd3 52. h5 gxh5 53. gxh5 Kxe4 54. h6 d5 55. h7 d4 56. h8=Q d3 57. Qh7+ 1-0


[Site "https://www.chess.com"]

[Event "Titled Tuesday Blitz April 12 Late 2022"]
[White "Narayanan.S.L"]
[Black "Mikhalsky, Vladimir"]
[WhiteFideId "5058422"]
[BlackFideId "14144352"]
[WhiteElo "2494"]
[BlackElo "2301"]
[Result "1-0"]
[Round "01"]
[TimeControl "180+1"]
[Date "2022.04.12"]
[WhiteClock "0:00:22"]
[BlackClock "0:00:17"]

1. e4 g6 2. d4 Bg7 3. c3 d6 4. Bd3 Nf6 5. Nf3 O-O 6. O-O Nc6 7. Re1 e5 8. h3 a6 9. Nbd2 Re8 10. Nf1 h6 11. Ng3 Kh7 12. Be3 d5 13. dxe5 Nxe4 14. Nxe4 dxe4 15. Bxe4 Nxe5 16. Nxe5 Bxe5 17. Qf3 Qf6 18. Rad1 c6 19. a4 Be6 20. Bb6 Qxf3 21. Bxf3 Bf4 22. a5 h5 23. h4 Bb8 24. g3 Ba7 25. Bc7 Re7 26. Bf4 Rae8 27. Bg5 Rd7 28. Rxd7 Bxd7 29. Rd1 Bf5 30. b4 Kg7 31. Kg2 Bg4 32. Bxg4 hxg4 33. Kf1 c5 34. Rd7 cxb4 35. cxb4 Re4 36. Rxb7 Bd4 37. b5 axb5 38. a6 Re8 39. Rxb5 Ra8 40. Ra5 Bb6 41. Ra4 Bc5 42. Be3 Bxe3 43. fxe3 Ra7 44. Ke2 Kf6 45. e4 Ke5 46. Ke3 f5 47. Ra5+ Ke6 48. exf5+ gxf5 49. Kf4 Kd6 50. Kxf5 Rg7 51. a7 1-0


[Site "https://www.chess.com"]

[Event "Titled Tuesday Blitz April 12 Late 2022"]
[White "Nazaretyan, Tigran"]
[Black "Coelho, Ramyres Santana"]
[WhiteFideId "24162345"]
[BlackFideId "2120690"]
[WhiteElo "2225"]
[BlackElo "1888"]
[Result "1-0"]
[Round "01"]
[TimeControl "180+1"]
[Date "2022.04.13"]
[WhiteClock "0:00:29"]
[BlackClock "0:00:04"]

1. d4 Nf6 2. c4 g6 3. Nc3 d5 4. Nf3 Bg7 5. Bg5 Ne4 6. Bh4 Nxc3 7. bxc3 O-O 8. cxd5 Qxd5 9. Bxe7 Re8 10. Ba3 Bg4 11. e3 b6 12. Be2 c5 13. O-O cxd4 14. cxd4 Nc6 15. h3 Bd7 16. Qb3 Qf5 17. Rac1 Na5 18. Qb1 Qf6 19. Ne5 Bf5 20. Bd3 Be6 21. Bb4 Nb7 22. Rc7 Nd8 23. Rfc1 a5 24. Ba3 Qg5 25. Nf3 Qh5 26. Be2 Bf5 27. Qxb6 Ne6 28. Rxf7 Kxf7 29. Ne5+ Bxe5 30. Bxh5 gxh5 31. dxe5 Rab8 32. Qxa5 Rg8 33. Qa7+ Kg6 34. Qe7 Kh6 35. Qf6+ Rg6 36. Qxf5 Rbg8 37. g3 h4 38. g4 Ng5 39. Kg2 R8g7 40. Bf8 Nxh3 41. Kxh3 Rxg4 42. Bxg7+ Rxg7 43. Rc6+ Rg6 44. Rxg6+ hxg6 45. Qf7 Kh5 46. f4 Kh6 47. Kg4 h3 48. Qg8 h2 49. Qh8# 1-0


[Site "https://www.chess.com"]